 Dungeon Crawl Stone Soup version 0.30-a0-393-g54b8e3be05 (webtiles) character file.

Game seed: 1403067672773619878

48 lunkers the Poker (level 4, -4/38 HPs)
             Began as a Meteoran Fighter on Dec 5, 2022.
             Was an Initiate of Ashenzari.
             Killed by nerve-wracking pain
             ... invoked by an orc priest
              (13 damage)
             ... on level 3 of the Dungeon.
             The game lasted 00:03:04 (1010 turns).

lunkers the Poker (Meteoran Fighter)                Turns: 1010, Time: 00:03:04

Health: -4/38      AC:  7    Str: 17    XL:     4   Next: 18%
Magic:  5/5        EV:  9    Int:  9    God:    Ashenzari [......]
Gold:   59         SH:  5    Dex: 16    Spells: 3/3 levels left

rFire   . . .      SeeInvis .    a - +0 trident
rCold   . . .      Faith    .    c - +0 buckler of the Fated Shame {Range, Fort} (curse)
rNeg    . . .      Spirit   .    b - +0 scale mail
rPois   .          Reflect  .    (no helmet)
rElec   .          Harm     .    (no cloak)
rCorr   .          Rampage  .    (no gloves)
Will    .....                    (no boots)
Stlth   ..........               (no amulet)
HPRegen 0.26/turn                (no ring)
MPRegen 0.09/turn                (no ring)

@: glowing
A: sense surroundings 1, otherworldly, glowing, explore regen
a: Renounce Religion, Shatter the Chains


You were on level 3 of the Dungeon.
You worshipped Ashenzari.
Ashenzari was noncommittal.
You visited 1 branch of the dungeon, and saw 3 of its levels.

You collected 59 gold pieces.

Inventory:

Hand Weapons
 a - a +0 trident (weapon)
Armour
 b - a +0 scale mail (worn)
 c - the cursed +0 buckler of the Fated Shame (worn) {Range, Fort}

   It has a curse which improves the following skills: Ranged Combat: Ranged
   Weapons and Throwing.
   Fortitude: Armour and Shields.
Scrolls
 e - 2 scrolls of teleportation {unknown}
 f - a scroll of amnesia {unknown}
 g - a scroll of identify {unknown}
 j - a scroll of enchant weapon {unknown}
 m - a scroll of fog {unknown}
 o - a scroll of summoning {unknown}
 p - a scroll of immolation {unknown}
 r - a scroll of silence {unknown}
Potions
 d - 2 potions of might
 h - 2 potions of lignification {unknown}
 i - a potion of resistance {unknown}
 k - a potion of mutation {unknown}
 l - a potion of cancellation {unknown}
 n - a potion of heal wounds {unknown}
 q - a potion of magic {unknown}


   Skills:
 - Level 3.2 Fighting
 + Level 4.8 Polearms
 - Level 3.6(4.0) Armour
 - Level 3.6(4.0) Shields


You had 3 spell levels left.
You didn't know any spells.
Your spell library contained the following spells:

 Spells                   Type           Power      Damage    Failure   Level
 Magic Dart               Conj           0%         1d3       86%         1
 Searing Ray              Conj           0%         2d4       95%         2
 Fulminant Prism          Conj/Hex       0%         3d5       100%        4


Dungeon Overview and Level Annotations

Branches:
Dungeon (3/15) Zot: 770

Altars:
Ashenzari


Innate Abilities, Weirdness & Mutations

You passively map a small area around you.
You are easily found by Zot.
You glow in the dark.
You regain HP and MP as you explore.


Message History

You barely miss the orc. The orc barely misses you.
You block the frilled lizard's attack.
You closely miss the orc. You block the orc's attack.
The frilled lizard bites you but does no damage.
You barely miss the orc priest. The orc hits you but does no damage.
The frilled lizard completely misses you.
You hit the orc priest.
The orc priest is moderately wounded.
The orc priest hits you but does no damage.
The orc hits you with a +0 dagger. You block the frilled lizard's attack.
You hit the orc priest.
The orc priest is heavily wounded.
The orc closely misses you. The orc priest barely misses you.
The frilled lizard barely misses you.
You puncture the orc priest!
The orc priest is almost dead.
The orc splashes around in the water.
The orc priest mumbles some strange prayers to Beogh against you.
Pain shoots through your body! The frilled lizard bites you.
You barely miss the orc priest.
The orc priest is almost dead.
The orc priest mumbles some strange prayers to Beogh against you.
Beogh smites you!
* * * LOW HITPOINT WARNING * * *
The orc splashes around in the water.
The frilled lizard bites you but does no damage.
The orc splashes around in the water.
The orc priest looks satisfied for a moment.
You are too injured to fight recklessly!
You are too injured to fight recklessly!
You are too injured to fight recklessly!
You are too injured to fight recklessly!
You are too injured to fight recklessly!
Reach: a) +0 trident
Press: ? - help, Dir - move target, f/p - orc
Aim: an orc, wielding a +0 dagger and wearing a +0 scale mail (about 35% to evade your +0 trident)
You hit the orc but do no damage. The frilled lizard barely misses you.
The orc priest invokes the aid of Beogh against you.
Pain shoots through your body!
You die...

..[.........P~~~.~P~♣
..†.........♣~~P.~~~♣
.#..##.......~♣~.~~~♣
.#...........~♣P.~~P#
...###.......~♣P.PP♣#
* ).##
#.......~♣~.~~♣# * ~
..# #.......♣~~.~≈~♣
* †##
#######♣♣≈~.~~~♣~ ~
.# ♣~~@≈~~♣ * ~
.######## ♣Polo~~♣
........# *,♣♣~.~~~~♣
~ #.......# ,
~~.~~P~~~P~~ ~~
#.......# *
.#♣.~~~~≈~~ ~
#.......# ,...
......... , ......###
..# ..~≈~~~~~
..###.####..#
♣~~~≈~≈≈≈ ~ *
#..##......#* * ~


You could see an orc priest, an orc and a frilled lizard.

Vanquished Creatures
  A worm (D:2)
  A dart slug (D:1)
  3 ball pythons
  8 endoplasms
  6 giant cockroaches (D:1)
  4 hobgoblins
  3 jackals (D:1)
  A quokka (D:2)
  5 bats
  A frilled lizard (D:3)
  3 kobolds
  A rat (D:1)
37 creatures vanquished.

Vanquished Creatures (others)
  3 demonic plants (D:1)
  4 fungi (D:1)
  A plant (D:1)
  3 withered plants (D:1)
11 creatures vanquished.

Grand Total: 48 creatures vanquished

Notes
Turn   | Place    | Note
-------+----------+-------------------------------------------
     0 | D:1      | lunkers the Meteoran Fighter began the quest for the Orb.
     0 | D:1      | Reached XP level 1. HP: 19/19 MP: 2/2
    37 | D:1      | Reached skill level 3 in Polearms
    37 | D:1      | Reached XP level 2. HP: 15/26 MP: 3/3
   104 | D:1      | Found a faded altar of an unknown god.
   146 | D:1      | Prayed at the altar of an unknown god.
   146 | D:1      | Became a worshipper of Ashenzari the Shackled
   170 | D:1      | Reached XP level 3. HP: 29/31 MP: 4/4
   253 | D:1      | Reached skill level 4 in Polearms
   733 | D:2      | Reached XP level 4. HP: 38/38 MP: 5/5
  1010 | D:3      | Killed from afar by an orc priest

Illustrated notes

Levels and vault maps discovered:
D:1:      tarquinn_simple_flora_water_c, layout_loops_corners,
          shapermc_ecumenical_altar_gd, minmay_worlds_worst_comb
D:2:      layout_loops_cross
D:3:      layout_rooms, serial_bayou, serial_bayou_pond_d, serial_bayou_pond_c,
          serial_bayou_lagoon_b, serial_bayou_lagoon_a, serial_bayou_shore_a,
          serial_bayou_pond_c, grunt_decor_arrowhead, minivault_24,
          hangedman_abyss_or_decor_stabs

Skill      XL: |  1  2  3 |
---------------+----------+-----
Polearms       | 3 4 |  4.8
Fighting       | |  3.2
Armour         | |  3.6
Shields        | |  3.6

Action                   |  1- 3 |  4- 6 || total
-------------------------+-------+-------++-------
Melee: Trident           |    86 |    23 ||   109
Invok: Curse Item        |       |     1 ||     1
Armor: Scale mail        |    26 |    11 ||    37
Dodge: Dodged            |    22 |    10 ||    32
Block: Buckler           |    20 |     4 ||    24

Table legend: (Time is in decaauts)
 A = Elapsed time spent in this place.
 B = Non-inter-level travel time spent in this place.
 C = Inter-level travel time spent in this place.
 D = Time resting spent in this place.
 E = Time spent auto-exploring this place.
 F = Levels seen in this place.
 G = Mean time per level.
                   A        B        C        D        E       F      G
               +--------+--------+--------+--------+--------+-----+--------+
         Total |   1027 |   1026 |      1 |      0 |    760 |   3 |  342.3 |
       Dungeon |   1027 |   1026 |      1 |      0 |    760 |   3 |  342.3 |
               +--------+--------+--------+--------+--------+-----+--------+

Top non-repeatable levels by time:
     D:2: 488 daAuts
     D:1: 423 daAuts
     D:3: 115 daAuts
